 Dungeon Crawl Stone Soup version 0.23-a0-650-ga4d50d4 (webtiles) character file.

410899 zishaf the Phalangite (level 23, -1/187 HPs)
             Began as a Merfolk Gladiator on Jan 2, 2019.
             Was the Champion of Hepliaklqana.
             Killed from afar by a deep elf high priest (30 damage)
             ... with damnation
             ... on level 3 of the Elven Halls on Jan 3, 2019.
             The game lasted 02:31:18 (54270 turns).

zishaf the Phalangite (Merfolk Gladiator)          Turns: 54270, Time: 02:31:18

Health: -1/187     AC: 39    Str: 27    XL:     23   Next: 50%
Magic:  29/29      EV: 17    Int:  9    God:    Hepliaklqana [******]
Gold:   1993       SH: 28    Dex: 13    Spells: 24/28 levels left

rFire    . . .     SeeInvis +   a - +9 demon trident (elec)
rCold    + + .     Gourm    .   Z - +0 large shield
rNeg     . . .     Faith    .   A - +7 plate armour "Dedaum" {Str+3 Slay+3}
rPois    .         Spirit   .   c - +1 hat {SInv}
rElec    .         Reflect  .   x - +1 cloak {+Inv}
rCorr    .         Harm     .   V - +2 pair of gloves {Str+3}
MR       ++++.     Rnd*Rage +   z - +1 pair of boots
Stlth    ..........             Y - necklace of Bloodlust {*Rage +Rage MR++ Int-3 Slay+6 *Curse} (curse)
HPRegen  0.41/turn              q - +4 ring of protection
MPRegen  0.21/turn              G - ring of Arrival {rC+ MR+ AC+4 Dex-3}

@: very slightly contaminated
A: change form in water, swift swim, stealthy swim, reduced essence, antennae 1,
repulsion field 1, large bone plates 1, rugged brown scales 1, clever 1, cold
resistance 1
}: 2/15 runes: serpentine, barnacled
a: Recall Ancestor, Ancestor Identity, Transference, Idealise, Renounce
Religion, Evoke Berserk Rage, Evoke Invisibility


You were on level 3 of the Elven Halls.
You worshipped Hepliaklqana.
Hepliaklqana was exalted by your worship.
You were not hungry.

You visited 8 branches of the dungeon, and saw 39 of its levels.
You visited the Abyss 1 time.
You visited 1 bazaar.
You also visited: Gauntlet and Ice Cave.

You collected 4653 gold pieces.
You spent 2660 gold pieces at shops.

Inventory:

Hand Weapons
 a - a +9 demon trident of electrocution (weapon)
 b - the +11 fustibalus of the Goat {flame, Str+4}
   (You found it on level 6 of the Lair of Beasts)

   It causes projectiles fired from it to burn those they strike, causing extra
   injury to most foes and up to half again as much damage against particularly
   susceptible opponents.
   It affects your strength (+4).
 r - the +9 trident of Puffoyps {pierce, rElec Str+3}
   (You found it on level 3 of the Lair of Beasts)

   It inflicts extra damage upon your enemies.
   It affects your strength (+3).
   It insulates you from electricity.
Missiles
 d - 15 throwing nets (quivered) {!f}
 K - 423 sling bullets
Armour
 c - a +1 hat of see invisible (worn)
 x - a +1 cloak of invisibility (worn)
 z - a +1 pair of boots (worn)
 A - the +7 plate armour "Dedaum" (worn) {Str+3 Slay+3}
   (You took it off a deep elf blademaster on level 2 of the Elven Halls)

   It affects your strength (+3).
   It affects your accuracy and damage with ranged weapons and melee attacks
   (+3).
 V - a +2 pair of gloves of strength (worn)
 Z - a +0 large shield (worn)
Jewellery
 q - a +4 ring of protection (left hand)
 C - the amulet "Rof Hul" {Gourm rF+++ Str-3 Dex+5}
   (You found it on level 13 of the Dungeon)

   [amulet of the gourmand]

   It allows you to eat raw meat even when not hungry.
   It affects your strength (-3).
   It affects your dexterity (+5).
   It renders you almost immune to fire.
 G - the ring of Arrival (right hand) {rC+ MR+ AC+4 Dex-3}
   (You took it off a naga on level 4 of the Snake Pit)

   [ring of protection]

   It affects your AC (+4).
   It affects your dexterity (-3).
   It protects you from cold.
   It affects your resistance to hostile enchantments.
 Y - the cursed necklace of Bloodlust (around neck) {*Rage +Rage MR++ Int-3 Slay+6 *Curse}
   (You bought it in a shop on level 2 of the Orcish Mines)

   [amulet of rage]

   It affects your intelligence (-3).
   It affects your accuracy and damage with ranged weapons and melee attacks
   (+6).
   It affects your resistance to hostile enchantments.
   It lets you go berserk.
   It may make you go berserk in combat.
   It curses itself when equipped.
   It has a curse placed upon it.
Wands
 i - a wand of clouds (5)
 l - a wand of enslavement (17)
 m - a wand of iceblast (53)
 u - a wand of disintegration (11)
 y - a wand of digging (7)
 L - a wand of scattershot (3)
 M - a wand of paralysis (31)
 N - a wand of acid (29)
Scrolls
 g - 5 scrolls of fog
 p - 10 scrolls of magic mapping
 s - 15 scrolls of teleportation
 t - 6 scrolls of fear
 v - 5 scrolls of blinking
 w - 8 scrolls of identify
 E - 7 scrolls of remove curse
 F - a scroll of summoning
Potions
 e - 3 potions of magic
 h - a potion of resistance
 j - 15 potions of curing
 k - 6 potions of heal wounds
 n - 4 potions of cancellation
 o - 3 potions of ambrosia
 B - 3 potions of lignification
 D - 7 potions of brilliance
 H - 5 potions of mutation
 P - 4 potions of might
 S - 3 potions of invisibility
 T - 6 potions of haste
 X - 4 potions of agility
Miscellaneous
 I - a phial of floods
 J - a fan of gales
 Q - a lamp of fire
 R - a lightning rod (4/4)
 W - a box of beasts
Comestibles
 f - 55 rations
 U - 6 chunks of flesh


   Skills:
 + Level 21.7 Fighting
 - Level 22.1 Polearms
 - Level 4.9(6.5) Slings
 - Level 8.0(8.9) Throwing
 - Level 10.0 Armour
 + Level 15.6 Dodging
 * Level 21.3 Shields
 - Level 3.0 Spellcasting
 - Level 15.0 Poison Magic
 - Level 8.0 Invocations
 - Level 4.0 Evocations


You had 24 spell levels left.
You knew the following spells:

 Your Spells              Type           Power        Failure   Level  Hunger
a - Olgreb's Toxic Radia  Pois           ####....     9%          4    #####..

Your spell library contained the following spells:

 Spells                   Type           Power        Failure   Level  Hunger
 Sting                    Conj/Pois      ##..         19%         1    ##.....
 Poisonous Vapours        Pois/Air       ##....       28%         2    ###....
 Mephitic Cloud           Conj/Pois/Air  ##......     85%         3    ####...
 Apportation              Tloc           #.....       99%         1    ##.....
 Confusing Touch          Hex            #.....       99%         1    ##.....
 Corona                   Hex            #......      99%         1    ##.....
 Sandblast                Erth           #.....       99%         1    ##.....
 Shock                    Conj/Air       #...         99%         1    ##.....
 Blink                    Tloc           N/A          99%         2    ###....
 Call Imp                 Summ           #.......     99%         2    ###....
 Ensorcelled Hibernation  Hex/Ice        #.....       99%         2    ###....
 Passwall                 Tmut/Erth      #.......     99%         2    ###....
 Shroud of Golubria       Chrm/Tloc      #.........   99%         2    ###....
 Swiftness                Chrm/Air       #.......     99%         2    ###....
 Venom Bolt               Conj/Pois      ##........   99%         5    ######.
 Confuse                  Hex            #.......     100%        3    ####...
 Conjure Flame            Conj/Fire      #.......     100%        3    ####...
 Dazzling Spray           Conj/Hex       #.....       100%        3    ####...
 Gell's Gravitas          Tloc           #.........   100%        3    ####...
 Lesser Beckoning         Tloc           #.........   100%        3    ####...
 Recall                   Summ/Tloc      N/A          100%        3    ####...
 Static Discharge         Conj/Air       #.......     100%        3    ####...
 Stone Arrow              Conj/Erth      #.....       100%        3    ####...
 Teleport Other           Tloc           #.......     100%        3    ####...
 Tukima's Dance           Hex            #.......     100%        3    ####...
 Airstrike                Air            #.........   100%        4    #####..
 Ice Form                 Ice/Tmut       #.......     100%        4    #####..
 Passage of Golubria      Tloc           N/A          100%        4    #####..
 Petrify                  Tmut/Erth      #.......     100%        4    #####..
 Borgnjor's Vile Clutch   Necr/Erth      #.........   100%        5    ######.
 Lee's Rapid Deconstruct  Erth           #.........   100%        5    ######.
 Lightning Bolt           Conj/Air       #.........   100%        5    ######.
 Metabolic Englaciation   Hex/Ice        #.........   100%        5    ######.
 Silence                  Hex/Air        #.........   100%        5    ######.
 Yara's Violent Unravell  Hex/Tmut       #.........   100%        5    ######.
 Bolt of Cold             Conj/Ice       #.........   100%        6    #######
 Darkness                 Hex            #.........   100%        6    #######
 Freezing Cloud           Conj/Ice/Air   #.........   100%        6    #######
 Hydra Form               Tmut           #.........   100%        6    #######
 Invisibility             Hex            #.......     100%        6    #######
 Ozocubu's Refrigeration  Ice            #.........   100%        6    #######
 Shadow Creatures         Summ           N/A          100%        6    #######
 Simulacrum               Ice/Necr       #.........   100%        6    #######
 Ring of Flames           Chrm/Fire      #.........   100%        7    #######
 Disjunction              Tloc           #.........   100%        8    #######
 Ignition                 Fire           #.........   100%        8    #######
 Shatter                  Erth           #.........   100%        9    #######
 Tornado                  Air            #.........   100%        9    #######


Dungeon Overview and Level Annotations

Branches:
Dungeon (15/15)            Temple (1/1) D:6            Lair (6/6) D:10
 Shoals (4/4) Lair:3        Snake (4/4) Lair:2        Slime (0/5) Lair:5
    Orc (2/2) D:11            Elf (3/3) Orc:2        Vaults (4/5) D:13
  Crypt (0/3) Vaults:3     Depths (0/5) D:15

Altars:
Ashenzari
Cheibriados
Dithmenos
Elyvilon
Fedhas
Gozag
Hepliaklqana
Kikubaaqudgha
Makhleb
Nemelex Xobeh
Okawaru
Qazlal
Ru
Sif Muna
Trog
Uskayaw
Vehumet
Wu Jian
Xom
Yredelemnul
Zin
The Shining One
Jiyva

Shops:
D:5 }   D:11 !   Orc:1 }   Orc:2 ?*:}[   Elf:2 [   Shoals:3 *   Snake:1 }==
Vaults:1 [   Vaults:2 =

Annotations:
D:11 exclusion: obsidian statue


Innate Abilities, Weirdness & Mutations

You revert to your normal form in water.
You are very nimble and swift while swimming.
You are very stealthy in the water. (Stealth+)
Your life essence is reduced to manifest your ancestor. (-10% HP)
You have a pair of small antennae on your head.
You are surrounded by a mild repulsion field. (EV +2)
You are partially covered in large bone plates. (SH +4)
You are partially covered in rugged brown scales. (AC +1, +3% HP)
Your mind is acute. (Int +2)
Your flesh is cold resistant. (rC+)


Message History

Your body is wracked with pain!
* * * LOW HITPOINT WARNING * * *
You see here an arrow.
You feel much better.
Blink to where?
Press: ? - help, Dir - move target cursor, p - deep elf sorcerer You are very lightly contaminated with residual magic.
As you read the scroll of blinking, it crumbles to dust.
You hear a grinding noise.
You hear a grinding noise.
You hear rumbling.
The deep elf high priest shouts! x2
The deep elf high priest mumbles some strange prayers to its god against you.
The sphere of damnation explodes!
The damnation engulfs you!
* * * LOW HITPOINT WARNING * * *
You hear a shout! x2
You are no longer corroded.
The deep elf elementalist shouts!
The deep elf high priest calls down the wrath of its god upon you.
The sphere of damnation explodes!
The damnation engulfs you!
You die...

.#.# #[(....)..## ##..# ...#
#..........## #..# ≈.)#
#...e(....#.####.# ≈≈.#
#.........##..##.# ≈≈.########
#.).......##.E.#.# ≈≈).......###
##.e.......##.#.#.# ≈≈..).......#
#....[..[..#####e.#
≈≈)(()(((<##.#.#..)......# ##.#
≈≈)######## #.##@.....e.E# #E.
≈≈)..#######.#..#.<...<.#######).
≈≈..........##..#####.....e.....#
≈....###......##.# ####E.eE.e...
.....# #...#### ## ###(##..##
...#####...# #...####
#######..### #.....# ##...##
#...e .. #...## ##...


You could see a deep elf elementalist, 2 deep elf high priests and a +2 halberd
of protection.

Vanquished Creatures
  Saint Roka (Snake:4)
  Vashnia (Snake:2)
  An Ice Fiend (IceCv)
  6 sphinxes
  A deep elf blademaster (Elf:2)
  A deep elf master archer (Elf:3)
  4 nagarajas
  Ilsuiw (Shoals:4)
  2 fire giants
  A deep elf sorcerer (Vaults:4)
  8 vault wardens
  A deep elf elementalist (Elf:3)
  6 very ugly things
  12 ironheart preservers
  8 stone giants
  2 entropy weavers
  3 deep elf demonologists
  3 deep elf annihilators
  4 merfolk javelineers
  Snorg (D:11)
  2 ettins
  2 merfolk impalers (Shoals:4)
  A great orb of eyes (Vaults:1)
  A fire dragon (Vaults:2)
  Erolcha (D:12)
  2 rakshasas (Vaults:2)
  10 ogre magi
  An ice dragon (Snake:3)
  5 vault guards
  7 yaktaur captains
  A deep elf high priest (Elf:3)
  13 naga warriors
  6 merfolk avatars
  Erica (D:9)
  A catoblepas (Lair:6)
  An anaconda (Snake:3)
  7 hydras
  8 centaur warriors
  4 satyrs
  27 dancing weapons
  2 death knights
  3 merfolk aquamancers
  2 deep troll shamans
  The ghost of rageheart7 the Carver, a novice DsMo of Qazlal (D:8)
  A tengu warrior (D:14)
  5 death yaks (Lair:6)
  31 two-headed ogres
  5 orc high priests
  A deep troll earth mage (Vaults:2)
  23 deep elf knights
  12 naga sharpshooters
  2 shock serpents (Snake:4)
  A salamander mystic (Snake:3)
  A fire crab (shapeshifter) (Vaults:4)
  6 unseen horrors
  9 deep trolls
  13 sea snakes
  16 deep elf archers
  2 glowing orange brains
  3 wizards
  8 ironbrand convokers
  3 naga ritualists (Snake:4)
  A lindwurm (Lair:6)
  A human zombie (Vaults:3)
  5 necromancers
  11 orc knights
  16 harpies
  6 wolf spiders
  31 ugly things
  5 mana vipers
  57 deep elf magi
  An orc sorcerer (Elf:2)
  3 cyclopes
  13 slime creatures
  15 manticores
  13 fauns
  A tengu skeleton (Vaults:3)
  9 elephants
  A guardian serpent (Snake:1)
  A water nymph (shapeshifter) (Elf:2)
  14 merfolk sirens
  5 vault sentinels
  25 black mambas
  2 ice statues
  5 salamanders
  A water nymph (Shoals:4)
  10 spiny frogs
  A gargoyle (D:12)
  A torpor snail (Gauntlet)
  8 naga magi
  A yaktaur zombie (Vaults:2)
  20 yaktaurs
  5 ice devils (IceCv)
  5 rime drakes
  4 anaconda simulacra (IceCv)
  4 centaur skeletons
  2 golden dragon simulacra (IceCv)
  An efreet (D:15)
  4 komodo dragons
  9 freezing wraiths
  A tengu conjurer (D:13)
  2 meliai (D:15)
  4 trolls
  20 merfolk
  A polar bear (Lair:6)
  4 wind drakes
  A hornet (Vaults:4)
  11 blink frogs
  15 snapping turtles
  2 dream sheep (Shoals:3)
  10 hippogriffs
  2 air elementals
  2 flying skulls (Gauntlet)
  4 centaur simulacra
  A redback (Vaults:1)
  11 water elementals
  A tarantella (shapeshifter) (Vaults:1)
  A wyvern (shapeshifter) (Vaults:2)
  A dire elephant simulacrum (IceCv)
  A vampire (D:14)
  2 wraiths
  3 fire elementals
  4 wyverns
  19 yaks
  13 humans (D:13)
  2 steam dragons (Shoals:2)
  A basilisk (Lair:6)
  4 vampire mosquitoes
  2 hungry ghosts (D:13)
  A large abomination (Gauntlet)
  3 wargs
  An iron troll simulacrum (IceCv)
  4 harpy simulacra (IceCv)
  33 nagas
  An acid dragon (D:14)
  A soldier ant (shapeshifter) (Vaults:1)
  13 soldier ants
  A hell hound (Elf:1)
  13 water moccasins
  6 hydra simulacra (IceCv)
  A floating eye (shapeshifter) (D:15)
  The ghost of Johnnytightlips the Sneak, an amateur SpAs of Dithmenos (D:3)
  13 porcupines
  2 black bears
  A black bear (shapeshifter) (D:13)
  35 orc warriors
  An ettin simulacrum (IceCv)
  5 ice beasts
  A hornet zombie (D:15)
  8 boggarts
  A sky beast (D:11)
  A phantom (D:12)
  9 wolves
  17 centaurs
  30 ogres
  12 crocodiles
  A big kobold (shapeshifter) (D:15)
  A big kobold (D:7)
  19 bullfrogs
  An earth elemental (Elf:1)
  A glowing shapeshifter simulacrum (Vaults:2)
  A wyvern skeleton (D:6)
  4 scorpions
  4 small abominations (Gauntlet)
  3 human simulacra
  A killer bee (shapeshifter) (Vaults:2)
  6 wights
  7 electric eels
  4 howler monkeys
  3 crimson imps
  2 bullfrog zombies (D:5)
  4 centaur zombies
  7 hounds
  A quasit (D:7)
  31 orc priests
  18 orc wizards
  2 bullfrog skeletons
  5 iguanas
  A troll simulacrum (IceCv)
  26 worker ants
  A wolf simulacrum (IceCv)
  3 killer bee zombies
  A hound skeleton (D:10)
  14 adders
  6 gnolls
  4 naga simulacra (IceCv)
  2 ogre simulacra (IceCv)
  4 shadow imps
  3 white imps (IceCv)
  9 ufetubi (IceCv)
  An ooze (D:3)
  An adder skeleton (D:9)
  A worm (D:2)
  3 dart slugs (D:1)
  2 leopard geckos (D:1)
  105 orcs
  6 bats
  8 giant cockroaches
  5 goblins
  5 hobgoblins
  2 jackals (D:7)
  3 quokkas
  6 frilled lizards
  10 kobolds
  A leopard gecko zombie (D:6)
  A quokka zombie (D:7)
  8 rats
  A crawling corpse (Elf:3)
  7 plants
  A tentacle (Shoals:3)
1372 creatures vanquished.

Vanquished Creatures (collateral kills)
  Jory (Vaults:2)
  Asterion (Elf:3)
  A deep elf master archer (Elf:3)
  A sphinx (Vaults:1)
  A kraken (Shoals:3)
  Frances (Shoals:1)
  4 nagarajas (Snake:4)
  3 vault wardens
  Louise (Snake:4)
  2 deep elf elementalists (Elf:3)
  3 ironheart preservers
  A very ugly thing (Vaults:4)
  2 stone giants
  An entropy weaver (Lair:4)
  A deep elf demonologist (Vaults:4)
  A minotaur (Gauntlet)
  A deep elf annihilator (Elf:3)
  4 merfolk javelineers
  2 deep elf death magi (Elf:3)
  2 merfolk impalers (Shoals:4)
  A yaktaur captain (Vaults:1)
  A rakshasa (Vaults:1)
  A deep elf high priest (Elf:1)
  A catoblepas (D:14)
  5 hydras
  4 vault guards
  2 naga warriors (Snake:4)
  2 merfolk avatars (Shoals:1)
  2 anacondas
  5 two-headed ogres
  3 merfolk aquamancers
  2 centaur warriors
  2 ogre magi
  2 death knights
  2 orc high priests (Orc:2)
  9 dancing weapons
  A queen ant (Lair:5)
  A deep troll earth mage (Vaults:3)
  4 naga sharpshooters
  7 deep elf knights
  2 shock serpents
  An unseen horror (Vaults:1)
  3 deep trolls
  A flayed ghost (Vaults:2)
  3 naga ritualists
  2 sea snakes
  6 deep elf archers
  2 necromancers
  2 ironbrand convokers
  5 orc knights
  2 mana vipers (Snake:1)
  3 fauns
  2 wolf spiders
  7 harpies
  7 ugly things
  A cyclops (Shoals:3)
  2 manticores
  26 deep elf magi
  7 naga magi
  2 elephants
  2 water nymphs (Shoals:4)
  3 salamanders
  5 merfolk sirens
  10 black mambas
  3 vault sentinels
  2 guardian serpents
  2 spiny frogs
  5 komodo dragons
  5 rime drakes
  8 yaktaurs
  4 human zombies
  A freezing wraith (Vaults:1)
  An ice devil (IceCv)
  A wind drake (Shoals:4)
  A jumping spider (Vaults:1)
  10 merfolk
  A jumping spider (shapeshifter) (Vaults:4)
  A meliai (D:15)
  A polar bear (Lair:6)
  A wolf spider simulacrum (IceCv)
  5 blink frogs
  A hornet (D:15)
  A raiju (shapeshifter) (Elf:1)
  2 dream sheep (Shoals:3)
  9 slime creatures
  5 hippogriffs
  A flying skull (Gauntlet)
  2 air elementals
  A tarantella (shapeshifter) (D:15)
  10 water elementals
  12 yaks
  4 humans (D:13)
  A wyvern (D:15)
  A wraith (Vaults:1)
  A fire elemental (Elf:3)
  2 basilisks
  A hungry ghost (D:8)
  3 wargs
  7 vampire mosquitoes
  A warg (shapeshifter) (Vaults:4)
  A naga (shapeshifter) (Vaults:1)
  A hell hound (Elf:1)
  2 large abominations
  4 water moccasins
  11 nagas
  11 soldier ants
  5 porcupines
  A floating eye (shapeshifter) (Vaults:2)
  A black bear (D:12)
  11 orc warriors
  An orc zombie (Vaults:2)
  3 phantoms
  2 necrophages
  2 wolves (Lair:6)
  A sky beast (D:9)
  8 ogres
  10 centaurs
  3 crocodiles
  The ghost of westexas the Bolt Thrower, an amateur GrHu (D:4)
  6 bullfrogs
  2 wyvern zombies
  2 earth elementals (Elf:3)
  A small abomination (Gauntlet)
  A scorpion (D:7)
  4 wights (D:10)
  An electric eel (D:12)
  A crimson imp (D:14)
  2 lava snakes (Lair:1)
  A jelly (D:7)
  2 orc wizards
  A bullfrog skeleton (D:9)
  A hound (D:9)
  5 orc priests
  5 worker ants
  A spriggan simulacrum (IceCv)
  A worker ant zombie (D:6)
  2 adders (D:9)
  A shadow imp (D:9)
  2 white imps (IceCv)
  An ufetubus (IceCv)
  17 orcs
  A jackal (D:7)
  A jackal zombie (D:8)
  A leopard gecko zombie (D:9)
  A fungus (Lair:6)
  9 plants
  A tentacle (Shoals:3)
467 creatures vanquished.

Vanquished Creatures (others)
  An orc warrior (Vaults:3)
  2 ogres
  61 battlemagi
  7 ancestors
  A demonic plant (Gauntlet)
  14 fungi
  4 plants
  5 tentacles (Shoals:3)
95 creatures vanquished.

Grand Total: 1934 creatures vanquished

Notes
Turn   | Place    | Note
-------+----------+-------------------------------------------
     0 | D:1      | zishaf the Merfolk Gladiator began the quest for the Orb.
     0 | D:1      | Reached XP level 1. HP: 16/16 MP: 1/1
    67 | D:1      | Reached XP level 2. HP: 16/23 MP: 2/2
   261 | D:1      | Reached skill level 5 in Polearms
   408 | D:1      | Reached XP level 3. HP: 28/28 MP: 3/3
   989 | D:2      | Found a glowing silver altar of Zin.
  1139 | D:2      | Reached XP level 4. HP: 35/35 MP: 4/4
  1152 | D:2      | Found an ornate altar of the Wu Jian Council.
  1443 | D:2      | Reached skill level 6 in Polearms
  2269 | D:3      | Reached skill level 5 in Dodging
  2269 | D:3      | Reached XP level 5. HP: 38/41 MP: 5/5
  2506 | D:3      | Found a bloodstained altar of Trog.
  2559 | D:3      | Found a runed door.
  2560 | D:3      | Noticed Johnnytightlips's ghost (amateur SpAs)
  2594 | D:3      | Killed Johnnytightlips's ghost
  2594 | D:3      | Reached skill level 7 in Polearms
  2594 | D:3      | Reached skill level 1 in Armour
  2594 | D:3      | Reached XP level 6. HP: 34/48 MP: 6/6
  3426 | D:4      | Got a crude leather armour
  3437 | D:4      | Identified the +1 leather armour of Good Intentions {+Fly
                  | MR+} (You found it on level 4 of the Dungeon)
  3591 | D:4      | Found a runed gate.
  3591 | D:4      | Found a runed gate.
  3592 | D:4      | Found a runed gate.
  3593 | D:4      | Found an opulent altar of Gozag.
  3594 | D:4      | Noticed westexas's ghost (amateur GrHu)
  3735 | D:4      | Reached skill level 8 in Polearms
  3750 | D:4      | Reached XP level 7. HP: 47/54 MP: 7/7
  4000 | D:4      | Found a sparkling altar of Nemelex Xobeh.
  4312 | D:5      | Entered Level 5 of the Dungeon
  4465 | D:5      | Reached skill level 9 in Polearms
  4605 | D:5      | Reached XP level 8. HP: 49/61 MP: 8/8
  4800 | D:5      | Found Nimias's Gadget Emporium.
  5059 | D:5      | Reached skill level 5 in Fighting
  5566 | D:6      | Found a staircase to the Ecumenical Temple.
  5580 | Temple   | Entered the Ecumenical Temple
  5605 | Temple   | Became a worshipper of Hepliaklqana the Forgotten
  5900 | D:6      | Found a stormy altar of Qazlal.
  5902 | D:6      | Reached skill level 10 in Polearms
  6176 | D:6      | Found a blossoming altar of Fedhas.
  6459 | D:7      | Reached XP level 9. HP: 52/62 MP: 9/9
  6505 | D:7      | Reached skill level 11 in Polearms
  6772 | D:7      | Found a white marble altar of Elyvilon.
  6810 | D:7      | Found a shimmering altar of Xom.
  6816 | D:7      | Reached skill level 12 in Polearms
  7189 | D:7      | Reached * piety under Hepliaklqana
  7193 | D:7      | Noticed a troll
  7722 | D:7      | Killed a troll
  7722 | D:7      | Reached skill level 5 in Throwing
  7861 | D:7      | Found a white marble altar of Elyvilon.
  8009 | D:7      | Found a shimmering altar of Xom.
  8101 | D:8      | Found a runed door.
  8102 | D:8      | Noticed rageheart7's ghost (novice DsMo)
  8160 | D:8      | Killed rageheart7's ghost
  8160 | D:8      | Reached skill level 13 in Polearms
  8160 | D:8      | Reached XP level 10. HP: 42/71 MP: 10/10
  8287 | D:8      | Found a shadowy altar of Dithmenos.
  8874 | D:9      | Got a pair of pitted boots
  8885 | D:9      | Identified the +0 pair of boots of Intercession {+Blink}
                  | (You found it on level 9 of the Dungeon)
  8932 | D:9      | Reached skill level 1 in Invocations
  9027 | D:9      | Reached skill level 1 in Evocations
  9106 | D:9      | Identified the +1 robe "Raos" {Str+4}
  9106 | D:9      | Noticed Erica
  9137 | D:9      | Killed Erica
  9137 | D:9      | Reached skill level 14 in Polearms
  9184 | D:9      | Reached ** piety under Hepliaklqana
  9185 | D:9      | Remembered your ancestor Tenoch as a battlemage
  9513 | D:9      | Noticed a two-headed ogre
  9520 | D:9      | Killed a two-headed ogre
  9520 | D:9      | Reached XP level 11. HP: 67/78 MP: 12/14
  9557 | D:9      | Found a sacrificial altar of Ru.
  9586 | D:10     | Entered Level 10 of the Dungeon
 10048 | D:10     | Reached skill level 5 in Invocations
 10110 | D:10     | Found a staircase to the Lair.
 10771 | D:4      | Killed westexas's ghost
 11069 | D:11     | Gained mutation: Armour fits poorly on your strangely
                  | shaped body. [potion of mutation]
 11069 | D:11     | Gained mutation: Your system is resistant to poisons.
                  | (rPois) [potion of mutation]
 11069 | D:11     | Gained mutation: You are robust. (+10% HP) [potion of
                  | mutation]
 11070 | D:11     | Lost mutation: You are robust. (+10% HP) [potion of
                  | mutation]
 11070 | D:11     | Lost mutation: Your system is resistant to poisons. (rPois)
                  | [potion of mutation]
 11070 | D:11     | Gained mutation: You are partially covered in large bone
                  | plates. (SH +4) [potion of mutation]
 11070 | D:11     | Gained mutation: You are mostly covered in large bone
                  | plates. (SH +6) [potion of mutation]
 11070 | D:11     | Gained mutation: Potions are less effective at restoring
                  | your health. [potion of mutation]
 11070 | D:11     | Gained mutation: You have a pair of small horns on your
                  | head. [potion of mutation]
 11071 | D:11     | Lost mutation: Armour fits poorly on your strangely shaped
                  | body. [potion of mutation]
 11071 | D:11     | Lost mutation: Potions are less effective at restoring your
                  | health. [potion of mutation]
 11071 | D:11     | Gained mutation: You are frail. (-10% HP) [potion of
                  | mutation]
 11071 | D:11     | Gained mutation: Armour fits poorly on your strangely
                  | shaped body. [potion of mutation]
 11071 | D:11     | Gained mutation: You have a pair of horns on your head.
                  | [potion of mutation]
 11072 | D:11     | Lost mutation: Armour fits poorly on your strangely shaped
                  | body. [potion of mutation]
 11072 | D:11     | Lost mutation: You have a pair of horns on your head.
                  | [potion of mutation]
 11072 | D:11     | Lost mutation: You have a pair of small horns on your head.
                  | [potion of mutation]
 11072 | D:11     | Gained mutation: You are partially covered in rugged brown
                  | scales. (AC +1, +3% HP) [potion of mutation]
 11072 | D:11     | Gained mutation: Your spells are a little harder to cast,
                  | but a little more powerful. [potion of mutation]
 11118 | D:11     | Noticed an obsidian statue
 11308 | D:11     | Reached skill level 5 in Armour
 11524 | D:11     | Found a staircase to the Orcish Mines.
 11788 | D:11     | Found Ughowacs's Distillery.
 11816 | D:11     | Reached *** piety under Hepliaklqana
 11886 | D:11     | Reached skill level 10 in Fighting
 12129 | D:11     | Gained mutation: Your body sometimes deteriorates upon
                  | taking damage. [a neqoxec]
 12186 | D:11     | Bought 2 potions of mutation for 288 gold pieces
 12186 | D:11     | Lost mutation: Your spells are a little harder to cast, but
                  | a little more powerful. [potion of mutation]
 12186 | D:11     | Lost mutation: Your body sometimes deteriorates upon taking
                  | damage. [potion of mutation]
 12186 | D:11     | Lost mutation: You are mostly covered in large bone plates.
                  | (SH +6) [potion of mutation]
 12186 | D:11     | Gained mutation: You have a pair of small antennae on your
                  | head. [potion of mutation]
 12186 | D:11     | Gained mutation: You are mostly covered in large bone
                  | plates. (SH +6) [potion of mutation]
 12187 | D:11     | Lost mutation: You are frail. (-10% HP) [potion of
                  | mutation]
 12187 | D:11     | Lost mutation: You are mostly covered in large bone plates.
                  | (SH +6) [potion of mutation]
 12187 | D:11     | Gained mutation: Your mind is acute. (Int +2) [potion of
                  | mutation]
 12187 | D:11     | Gained mutation: Your flesh is cold resistant. (rC+)
                  | [potion of mutation]
 12187 | D:11     | Gained mutation: You are surrounded by a mild repulsion
                  | field. (EV +2) [potion of mutation]
 12258 | D:12     | Noticed a white ugly thing
 12299 | D:12     | Found a gate leading to a gauntlet.
 12306 | Gauntlet | Entered a Gauntlet
 12306 | Gauntlet | Found a transporter.
 12306 | Gauntlet | Found a transporter.
 12412 | Gauntlet | Noticed a catoblepas
 12414 | Gauntlet | Found a transporter.
 12417 | Gauntlet | Found a transporter.
 12417 | Gauntlet | Found a transporter.
 12437 | Gauntlet | Found a transporter.
 12452 | Gauntlet | Found a transporter.
 12453 | Gauntlet | Found a transporter.
 12457 | Gauntlet | Noticed a death scarab
 12458 | Gauntlet | Noticed a death scarab
 12464 | Gauntlet | Found a transporter.
 12480 | Gauntlet | Found a transporter.
 12495 | Gauntlet | Found a transporter.
 12499 | Gauntlet | Found a transporter.
 12954 | Gauntlet | Reached XP level 12. HP: 35/92 MP: 15/15
 12961 | Gauntlet | Got a dazzling cloak
 12976 | Gauntlet | Identified the cursed -5 cloak "Ves Ziaw" {rC- Str+7 Int+2}
                  | (You found it in a Gauntlet)
 13184 | Gauntlet | Noticed a minotaur
 13216 | Gauntlet | Killed a minotaur
 13908 | D:12     | Noticed Snorg
 13965 | D:11     | Killed Snorg
 14530 | D:12     | Noticed Erolcha
 14539 | D:12     | Killed Erolcha
 15217 | Lair:1   | Entered Level 1 of the Lair of Beasts
 15505 | Lair:1   | Reached **** piety under Hepliaklqana
 15849 | Lair:1   | Got a faintly humming ring mail
 15875 | Lair:1   | Identified the +2 ring mail of Noon {rC- Str+4 Dex+3
                  | Stlth+} (You found it on level 1 of the Lair of Beasts)
 16368 | Lair:2   | Noticed a seven-headed hydra
 16374 | Lair:2   | Killed a seven-headed hydra
 16471 | Lair:2   | Reached XP level 13. HP: 46/101 MP: 16/16
 16879 | Lair:2   | Reached skill level 10 in Dodging
 17520 | Lair:2   | Found a staircase to the Snake Pit.
 17611 | Lair:2   | Learned a level 4 spell: Olgreb's Toxic Radiance
 17738 | Lair:2   | Reached skill level 1 in Poison Magic
 18329 | Lair:3   | Found a staircase to the Shoals.
 18622 | Lair:3   | Reached ***** piety under Hepliaklqana
 18688 | Lair:3   | Got an ichor-stained trident
 18689 | Lair:3   | Identified the +9 trident of Puffoyps {pierce, rElec Str+3}
                  | (You found it on level 3 of the Lair of Beasts)
 18984 | Lair:4   | Reached skill level 1 in Spellcasting
 19606 | Lair:3   | Found a staircase to the Shoals.
 20752 | Lair:4   | Reached XP level 14. HP: 103/110 MP: 16/18
 20817 | Lair:5   | Reached skill level 5 in Poison Magic
 20840 | Lair:5   | Noticed an entropy weaver
 20840 | Lair:5   | Noticed an entropy weaver
 20985 | Lair:4   | Killed an entropy weaver
 21143 | Lair:4   | Killed an entropy weaver
 21588 | Lair:5   | Found a staircase to the Slime Pits.
 21588 | Lair:5   | Found a viscous altar of Jiyva.
 21938 | Lair:6   | Entered Level 6 of the Lair of Beasts
 22220 | Lair:6   | Got a steaming fustibalus
 22239 | Lair:6   | Identified the +11 fustibalus of the Goat {flame, Str+4}
                  | (You found it on level 6 of the Lair of Beasts)
 22416 | Lair:6   | Reached skill level 15 in Fighting
 22705 | Lair:6   | Got a bloodstained war axe
 22835 | Lair:6   | Reached skill level 1 in Slings
 23324 | Orc:1    | Entered Level 1 of the Orcish Mines
 23411 | Orc:1    | Found Solaahuh's Gadget Boutique.
 23556 | Orc:2    | Entered Level 2 of the Orcish Mines
 23725 | Orc:2    | Found Doto's Magic Scroll Boutique.
 23825 | Orc:2    | Found a staircase to the Elven Halls.
 24159 | Orc:2    | Reached XP level 15. HP: 119/119 MP: 19/19
 24888 | Orc:2    | Found Geuwk's Antique Armour Boutique.
 24891 | Orc:2    | Found Cijoril's General Store.
 24892 | Orc:2    | Found Wiptum's Gadget Boutique.
 24893 | Orc:2    | Found Geneepta's Book Shop.
 24900 | Orc:2    | Bought a shiny buckler for 232 gold pieces
 24900 | Orc:2    | Bought a pair of embroidered gloves for 232 gold pieces
 24913 | Orc:2    | Bought the cursed necklace of Bloodlust {*Rage +Rage MR++
                  | Int-3 Slay+6 *Curse} for 1107 gold pieces
 24913 | Orc:2    | Found the cursed necklace of Bloodlust {*Rage +Rage MR++
                  | Int-3 Slay+6 *Curse}
 25039 | D:13     | Reached skill level 10 in Poison Magic
 25110 | D:13     | Reached skill level 1 in Shields
 25237 | D:13     | Got a transparent bone amulet
 25254 | D:13     | Identified the amulet "Rof Hul" {Gourm rF+++ Str-3 Dex+5}
                  | (You found it on level 13 of the Dungeon)
 25531 | D:13     | Reached ****** piety under Hepliaklqana
 25697 | D:13     | Found a gate to the Vaults.
 25947 | D:13     | Found a snail-covered altar of Cheibriados.
 26898 | D:15     | Entered Level 15 of the Dungeon
 26993 | D:15     | Reached XP level 16. HP: 108/128 MP: 22/22
 27002 | D:15     | Reached skill level 5 in Shields
 27093 | D:15     | Found an iron altar of Okawaru.
 28049 | D:15     | Found a staircase to the Depths.
 28119 | D:15     | Upgraded the game from 0.23-a0-644-gb60d84b to
                  | 0.23-a0-650-ga4d50d4
 28337 | Snake:1  | Entered Level 1 of the Snake Pit
 28737 | Snake:1  | Found a white marble altar of Elyvilon.
 29385 | Snake:1  | Found Aphyut's Gadget Shop.
 29385 | Snake:1  | Found Xuquhiugh's Jewellery Emporium.
 29393 | Snake:1  | Found Yphothag's Jewellery Emporium.
 29798 | Snake:2  | Noticed Vashnia
 30240 | Snake:2  | Killed Vashnia
 30674 | Snake:3  | Found a frozen archway.
 30678 | Snake:3  | Reached skill level 15 in Dodging
 30689 | Snake:3  | Reached XP level 17. HP: 135/135 MP: 23/23
 30729 | IceCv    | Entered an ice cave
 31602 | IceCv    | Noticed an Ice Fiend
 31630 | IceCv    | Killed an Ice Fiend
 31630 | IceCv    | Reached skill level 10 in Shields
 31853 | IceCv    | Got a fine long sword
 34480 | Snake:4  | Entered Level 4 of the Snake Pit
 35335 | Snake:4  | Noticed Louise
 35348 | Snake:4  | Killed Louise
 35671 | Snake:4  | Noticed Saint Roka
 35689 | Snake:4  | Killed Saint Roka
 35954 | Snake:4  | Reached XP level 18. HP: 121/145 MP: 24/24
 36027 | Snake:4  | Identified the ring of Arrival {rC+ MR+ AC+4 Dex-3}
 37012 | Snake:4  | Got a serpentine rune of Zot
 37506 | Shoals:1 | Entered Level 1 of the Shoals
 37653 | Shoals:1 | Noticed Frances
 37661 | Shoals:1 | Killed Frances
 38073 | Shoals:1 | Found the +9 staff of Olgreb {rPois}
 38079 | Shoals:1 | Found a transporter.
 38079 | Shoals:1 | Found a transporter.
 38547 | Shoals:1 | Identified the Grimoire of the Rocks and Summoning
 39674 | Shoals:3 | Found Nikky Ymy's General Store.
 39894 | Shoals:3 | Reached XP level 19. HP: 153/153 MP: 25/25
 40024 | Shoals:3 | Reached skill level 15 in Shields
 40586 | Shoals:4 | Entered Level 4 of the Shoals
 40758 | Shoals:4 | Identified the Guide on Transformation and Translocation
 41104 | Shoals:4 | Noticed Ilsuiw
 41132 | Shoals:4 | Killed Ilsuiw
 41929 | Shoals:4 | Found a gateway to a bazaar.
 41941 | Bazaar   | Entered a bazaar
 41941 | Bazaar   | Found Dint's General Store.
 41941 | Bazaar   | Found Ifufuw's Antique Armour Shop.
 41954 | Bazaar   | Found Pattu's Antique Weapon Shop.
 41976 | Bazaar   | Bought a scroll of enchant weapon for 67 gold pieces
 42130 | Shoals:4 | Got a barnacled rune of Zot
 42716 | Vaults:1 | Entered Level 1 of the Vaults
 42931 | Vaults:1 | Reached skill level 15 in Poison Magic
 42952 | Vaults:1 | Got a twisted chain mail
 42963 | Vaults:1 | Identified the +8 chain mail of Fortification {rF+ Int+3}
                  | (You found it on level 1 of the Vaults)
 43304 | Vaults:1 | Reached skill level 15 in Polearms
 43322 | Vaults:1 | Found Zuco Huic's Antique Armour Boutique.
 43488 | Vaults:1 | Got a sparkling lead amulet
 43490 | Vaults:1 | Identified the amulet of the Past {rC- Regen+ Int+3 SInv}
                  | (You found it on level 1 of the Vaults)
 43503 | Vaults:1 | Reached XP level 20. HP: 160/161 MP: 26/26
 44014 | Vaults:1 | Reached skill level 16 in Polearms
 44265 | Vaults:1 | Bought a glowing shield for 300 gold pieces
 44433 | Vaults:2 | Paralysed by a floating eye for 3 turns
 44774 | Vaults:2 | Found Vumiaq's Jewellery Emporium.
 44784 | Vaults:2 | Noticed Jory
 45242 | Vaults:2 | Killed Jory
 45242 | Vaults:2 | Reached skill level 17 in Polearms
 45581 | Vaults:2 | You fall through a shaft for 2 floors!
 45697 | Vaults:2 | Reached skill level 10 in Armour
 46024 | Vaults:2 | Reached skill level 18 in Polearms
 46035 | Vaults:2 | Reached XP level 21. HP: 169/169 MP: 27/27
 46991 | Vaults:2 | Reached skill level 19 in Polearms
 47886 | Vaults:3 | Found a staircase to the Crypt.
 47886 | Vaults:3 | Found an ancient bone altar of Kikubaaqudgha.
 47887 | Vaults:3 | Found a basalt altar of Yredelemnul.
 48382 | Vaults:4 | Reached skill level 20 in Polearms
 48773 | Vaults:4 | Reached XP level 22. HP: 178/178 MP: 28/28
 49463 | Vaults:4 | Reached skill level 21 in Polearms
 49942 | Elf:1    | Entered Level 1 of the Elven Halls
 50598 | Elf:1    | Got a steaming leather armour
 50599 | Elf:1    | Identified the cursed +1 leather armour of Tyty {rN+} (You
                  | found it on level 1 of the Elven Halls)
 51504 | Elf:2    | Found Joshivao's Antique Armour Shoppe.
 51535 | Elf:2    | Bought a pair of runed gloves for 217 gold pieces
 51535 | Elf:2    | Bought a glowing cloak for 217 gold pieces
 51905 | Elf:2    | Found a huge runed gate.
 51905 | Elf:2    | Found a huge runed gate.
 51906 | Elf:2    | Found a huge runed gate.
 51909 | Elf:2    | Found a huge runed gate.
 51912 | Elf:2    | Found a huge runed gate.
 52204 | Elf:2    | Reached XP level 23. HP: 186/186 MP: 29/29
 52475 | Elf:2    | Reached skill level 22 in Polearms
 52602 | Elf:3    | Entered Level 3 of the Elven Halls
 52603 | Elf:3    | Noticed Asterion
 52613 | Elf:3    | Killed Asterion
 52944 | Elf:3    | Found a radiant altar of Vehumet.
 53121 | Elf:3    | Cast into level 3 of the Abyss (+1 battleaxe of distortion)
 53130 | Elf:3    | Escaped the Abyss
 53385 | Elf:3    | Identified the +12 dagger "Bassampi" {pierce, rF+ Str+3}
 53388 | Elf:3    | Identified the +7 plate armour "Dedaum" {Str+3 Slay+3}
 54086 | Elf:3    | Identified the +5 bardiche of Piap {venom, rN+}
 54164 | Elf:3    | Identified the amulet "Lintode" {Faith Dex+2}
 54175 | Elf:3    | Identified the ring "Xuudubiq" {MR+ Dex+5}
 54229 | Elf:3    | Identified the +3 chain mail "Daoteudgh" {+Fly rPois}
 54237 | Elf:3    | Identified the +6 hand axe of the Thirteen Coins {drain,
                  | Str+5 Int-3 Dex+3}
 54269 | Elf:3    | Identified the +8 chain mail "Vich" {Int+2}
 54270 | Elf:3    | Killed from afar by a deep elf high priest

Vault maps used:
D:1:      scummos_arrival_simple_crosswalls, dk_noncrumbling_3
D:2:      minmay_recursive_quarters, lemuel_doored_altar,
          overflow_temple_1_default, first_ration
D:3:      ebering_ghost_reflecting_pool, trog_three_pillars_becter
D:4:      kennysheep_mini_moat, ebering_ghost_gozag
D:5:      serial_shops, shop, hangedman_decor_lopped
D:6:      kennysheep_mini, fedhas_altar_2, minmay_temple_entry_trees
D:7:      overflow_temple_1_default, overflow_temple_1_default, grunt_ogre_cave
D:8:      ebering_ghost_reflecting_pool, grunt_dithmenos_smoke_and_mirrors
D:9:      lemuel_round_altar, minmay_misc_feat_x, uniq_erica
D:10:     due_lair_maze_entry_diamond
D:11:     hiddenorc2_lemuel, serial_shops, shop, serial_bayou,
          serial_bayou_ford_a, serial_bayou_pond_d, serial_bayou_lagoon_a,
          serial_bayou_pond_d, minmay_protected_statue
D:12:     gauntlet_entry_generic, uniq_erolcha, uniq_snorg
D:13:     grunt_vaults_entry_tiered, lemuel_centaur_altar
D:14:     kennysheep_dice
D:15:     gammafunk_enter_depths_forms, ebering_dispersal_statue_hall,
          st_stairs_3, okawaru_ov_weapons_minmay
Temple:   cyrus_circular_temple
Lair:2:   wad_woods_structure_01, guppyfry_snake_entry_island, nzn_random_ring,
          infiniplex_staircase_pool
Lair:3:   elwin_shoals_entry_rooms
Lair:4:   minivault_11, beast_lair_carwin_5, grunt_megastairs_2
Lair:5:   slime_altar_1, minivault_29
Lair:6:   grunt_lair_end_beastmaster
Shoals:1: gammafunk_the_bubble, nicolae_shoals_stone_sculpture_thing,
          uniq_frances
Shoals:2: nicolae_shoals_drake_roost
Shoals:3: serial_shops, nicolae_shop_window_shopping
Shoals:4: shoals_end_simple, shoals_ilsuiw_alternative, serial_shops, statue_bzr
Snake:1:  basic_altar, grunt_megastairs_3, minmay_shop_grove
Snake:2:  uniq_vashnia
Snake:3:  portal_ice_cave_entry_dragon, serial_bayou_shore_a
Snake:4:  minmay_snake_end_coiled, lemuel_fruit_tree, uniq_saint_roka,
          uniq_louise
Orc:1:    serial_shops, shop_statue, uniq_harold
Orc:2:    st_orc_pillars, serial_shops, shop
Elf:1:    special_room, hangedman_elven_crosses_minicolossus, dk_noncrumbling_2
Elf:2:    serial_shops, shop_statue, lemuel_elevator
Elf:3:    grunt_elf_hall_diamonds, basic_altar, st_stairs_13,
          elves_outpost_lemuel, uniq_asterion
Vaults:1: vaults_room_corners, vaults_dpeg_ring, nicolae_vaults_back_hallway,
          vaults_mumra_lcd, hangedman_vaults_slither, v_misc_13,
          nicolae_vaults_lopsided_apartments, v_alt_pattern_3,
          vaults_mumra_minichess_inversion, nicolae_vaults_ninety_degrees,
          nicolae_vaults_alarming, grunt_vaults_hallway_short,
          vaults_dpeg_diagonal, serial_shops, shop
Vaults:2: nicolae_vaults_network_square, ontoclasm_vaults_gallery,
          hangedman_vaults_pinch, hangedman_vaults_stitches,
          nicolae_vaults_border_crossing, stair_cage_open,
          vaults_standard_mumra_enter_the_diamond, nicolae_vaults_what_the_h,
          grunt_vaults_focal, nicolae_vaults_gold_heap, vaults_room_door_ring,
          vaults_dpeg_spiral, serial_shops, nicolae_shop_window_shopping,
          uniq_jory
Vaults:3: v_misc_8, v_pattern_3, minmay_crypt_entry_necro_gods,
          ontoclasm_vaults_ring_square, vaults_room_ringed_pool,
          ontoclasm_vaults_gateway, nicolae_vaults_sealed_display,
          ontoclasm_vaults_idyll, v_misc_30, nicolae_vaults_know_your_exits,
          nicolae_vaults_theta
Vaults:4: nicolae_vaults_diagonal_hallway_6, ontoclasm_vaults_decontamination,
          hangedman_vaults_capsules, nicolae_vaults_arrows,
          ontoclasm_vaults_tryst, hangedman_vaults_nodes,
          hangedman_vaults_corner, st_lattice, v_rooms_1,
          grunt_vaults_trifunnel, nicolae_vaults_specimen_jars,
          hangedman_vaults_corner_blocks
Abyss:3:  nicolae_abyss_rune_left_handed
Bazaar:   bazaar_jpeg_cross
IceCv:    ice_cave_caverns_01
Gauntlet: minmay_gauntlet_77_indecision

Skill      XL: |  1  2  3  4  5  6  7  8  9 10 11 12 13 14 15 16 17 18 19 20 21 22 23 |
---------------+----------------------------------------------------------------------+-----
Polearms       | 5 6 7 8 9 10 13 14 15 18 20 21 22 | 22.1
Fighting       | 3 4 5 7 8 10 12 13 15 16 17 18 19 20 21 | 21.7
Dodging        | 5 8 9 11 12 13 15 | 15.6
Armour         | 1 2 3 4 6 8 9 10 | 10.0
Throwing       | 3 5 7 8 |  8.0
Invocations    | 4 5 6 8 |  8.0
Evocations     | 3 4 |  4.0
Poison Magic   | 4 9 11 12 13 15 | 15.0
Spellcasting   | 2 3 |  3.0
Slings         | 1 4 |  4.9
Shields        | 4 9 12 14 16 17 19 20 21 | 21.3

Action                   |  1- 3 |  4- 6 |  7- 9 | 10-12 | 13-15 | 16-18 | 19-21 | 22-24 || total
-------------------------+-------+-------+-------+-------+-------+-------+-------+-------++-------
Melee: Trident           |   100 |   222 |   421 |   958 |  1111 |   641 |       |       ||  3453
       Tailslap          |       |       |     1 |     5 |     1 |     4 |     9 |       ||    20
       Demon trident     |       |       |       |       |       |   446 |  1358 |   652 ||  2456
 Fire: Hunting sling     |       |       |       |     1 |       |       |       |       ||     1
       Fustibalus        |       |       |       |       |   161 |   200 |    11 |     5 ||   377
Throw: Tomahawk          |    11 |    11 |    36 |    24 |    36 |       |       |       ||   118
       Throwing net      |     1 |     3 |       |       |       |       |       |       ||     4
       Javelin           |       |       |       |       |     1 |       |       |       ||     1
 Cast: Olgreb's Toxic Ra |       |       |       |       |     3 |       |     1 |     2 ||     6
Invok: Ancestor Life: Ba |       |       |       |     1 |       |       |       |       ||     1
       Recall Ancestor   |       |       |       |     4 |     5 |     6 |     7 |       ||    22
Evoke: Wand              |       |       |    12 |     2 |     1 |       |     1 |       ||    16
       Phial of floods   |       |       |       |     1 |       |       |     1 |       ||     2
       Lamp of fire      |       |       |       |       |       |     1 |     1 |       ||     2
  Use: Scroll            |       |       |    11 |     2 |     5 |    21 |     5 |     6 ||    50
       Potion            |       |       |       |     7 |     1 |       |     1 |     2 ||    11
 Stab: Sleeping          |     1 |     1 |       |       |       |       |       |       ||     2
       Distracted        |       |       |       |     9 |    13 |    12 |    12 |    11 ||    57
       Petrified         |       |       |       |       |    10 |       |       |       ||    10
  Eat: Chunk             |     1 |     8 |     7 |    15 |    31 |    14 |    30 |    15 ||   121
       Ration            |       |       |     2 |     4 |     1 |     8 |       |     1 ||    16
Armor: Leather armour    |    13 |    13 |    34 |       |       |       |       |       ||    60
       Plate armour      |       |    62 |       |       |       |       |       |    10 ||    72
       Skin              |       |     1 |       |       |       |       |       |       ||     1
       Ring mail         |       |     1 |    47 |   168 |    21 |       |       |       ||   237
       Chain mail        |       |       |       |       |   275 |   176 |   172 |    59 ||   682
Dodge: Dodged            |    60 |    96 |   159 |   463 |   473 |   194 |   175 |    86 ||  1706
Block: Other             |       |       |       |    82 |    77 |       |       |       ||   159
       Large shield      |       |       |       |       |    49 |   717 |   794 |   357 ||  1917
       Buckler           |       |       |       |       |    48 |       |       |       ||    48

Table legend:
 A = Non-vault XP
 B = Vault XP
 C = Vault XP percentage of total XP
 D = Non-vault monster count
 E = Vault monster count
 F = Vault count percentage of total count
                 A         B        C        D         E       F
            +---------+---------+-------+---------+---------+-------
      Total |  421984 |  347765 |  45.2 |    1121 |     699 |  38.4
            +---------+---------+-------+---------+---------+-------
        D:1 |      46 |       0 |   0.0 |      23 |       0 |   0.0
        D:2 |      59 |      14 |  19.2 |      16 |       6 |  27.3
        D:3 |     139 |     145 |  51.1 |      21 |       1 |   4.5
        D:4 |     440 |     189 |  30.0 |      15 |       3 |  16.7
        D:5 |     747 |       0 |   0.0 |      26 |       0 |   0.0
        D:6 |     848 |       0 |   0.0 |      15 |       0 |   0.0
        D:7 |    2043 |     125 |   5.8 |      34 |       1 |   2.9
        D:8 |     807 |     879 |  52.1 |      19 |       1 |   5.0
        D:9 |    2769 |     944 |  25.4 |      31 |       1 |   3.1
       D:10 |    2862 |    1161 |  28.9 |      25 |      12 |  32.4
       D:11 |    1938 |    1648 |  46.0 |      14 |      31 |  68.9
       D:12 |    3194 |    1033 |  24.4 |      21 |       1 |   4.5
       D:13 |    6506 |    7592 |  53.9 |      24 |      29 |  54.7
       D:14 |   16143 |    1205 |   6.9 |      48 |       3 |   5.9
       D:15 |   20459 |    3852 |  15.8 |      62 |      13 |  17.3
     Lair:1 |    3134 |       0 |   0.0 |      16 |       0 |   0.0
     Lair:2 |    5721 |    5593 |  49.4 |      26 |      17 |  39.5
     Lair:3 |    2407 |    2475 |  50.7 |       6 |       7 |  53.8
     Lair:4 |    5800 |    4087 |  41.3 |      23 |      14 |  37.8
     Lair:5 |    4236 |    4505 |  51.5 |      15 |      34 |  69.4
     Lair:6 |   10366 |    9844 |  48.7 |      39 |      20 |  33.9
   Shoals:1 |   12680 |    8652 |  40.6 |      31 |      15 |  32.6
   Shoals:2 |   11863 |    2798 |  19.1 |      24 |       9 |  27.3
   Shoals:3 |   24610 |       0 |   0.0 |      45 |       0 |   0.0
   Shoals:4 |   10746 |   27745 |  72.1 |      22 |      41 |  65.1
    Snake:1 |   18955 |     952 |   4.8 |      37 |       2 |   5.1
    Snake:2 |    1282 |    7229 |  84.9 |       3 |       4 |  57.1
    Snake:3 |   22034 |    1012 |   4.4 |      37 |       1 |   2.6
    Snake:4 |   20640 |   33444 |  61.8 |      35 |      58 |  62.4
      Orc:1 |     473 |     692 |  59.4 |       9 |       1 |  10.0
      Orc:2 |    1252 |   10421 |  89.3 |      27 |      59 |  68.6
      Elf:1 |   18996 |   26345 |  58.1 |      33 |      32 |  49.2
      Elf:2 |   30039 |   25255 |  45.7 |      44 |      30 |  40.5
      Elf:3 |   19695 |   23281 |  54.2 |      38 |      22 |  36.7
   Vaults:1 |   27151 |   28303 |  51.0 |      49 |      41 |  45.6
   Vaults:2 |   51357 |   43336 |  45.8 |      85 |      46 |  35.1
   Vaults:3 |   25389 |    8719 |  25.6 |      37 |      16 |  30.2
   Vaults:4 |   34158 |   39064 |  53.4 |      46 |      54 |  54.0
      IceCv |       0 |   11743 | 100.0 |       0 |      59 | 100.0
   Gauntlet |       0 |    3483 | 100.0 |       0 |      15 | 100.0
            +---------+---------+-------+---------+---------+-------
